 Dungeon Crawl Stone Soup version 0.27-a0-592-g0306a34022 (webtiles) character file.

Game seed: 4333677679534217911

14089 rednaxela the Archer (level 12, 0/129 HPs)
             Began as a Barachi Brigand on Mar 11, 2021.
             Was a High Priest of Okawaru.
             Slain by a killer bee (2 damage)
             ... on level 1 of the Lair of Beasts.
             The game lasted 00:47:07 (16367 turns).

rednaxela the Archer (Barachi Brigand)             Turns: 16367, Time: 00:47:07

Health: 0/129      AC: 26    Str: 16    XL:     12   Next: 12%
Magic:  17/17      EV:  2    Int: 16    God:    Okawaru [*****.]
Gold:   569        SH:  0    Dex: 14    Spells: 11/11 levels left

rFire    x . .     SeeInvis .   a - +12 longbow of Ugeus {flame, +Inv rElec rF- Int+3}
rCold    . . .     Faith    .   (shield currently unavailable)
rNeg     + + +     Spirit   .   (armour currently unavailable)
rPois    +         Reflect  .   (helmet currently unavailable)
rElec    +         Harm     .   (cloak currently unavailable)
rCorr    .         Rampage  .   (gloves currently unavailable)
Will     .....     NoTele   +   (boots currently unavailable)
Stlth    ++........             (no amulet)
HPRegen  0.31/turn              r - +4 ring of evasion
MPRegen  0.15/turn              p - +4 ring of evasion

@: tree-form (expiring)
A: +LOS, (amphibious)
a: Renounce Religion, Evoke Invisibility, Heroism, Finesse


You were on level 1 of the Lair of Beasts.
You worshipped Okawaru.
Okawaru was extremely pleased with you.
You were a tree.
You visited 3 branches of the dungeon, and saw 17 of its levels.
You also visited: Ossuary.

You collected 569 gold pieces.

Inventory:

Hand Weapons
 a - the +12 longbow of Ugeus (weapon) {flame, +Inv rElec rF- Int+3}
   (Okawaru gifted it to you on level 10 of the Dungeon)

   It causes projectiles fired from it to burn those they strike, causing extra
   injury to most foes and up to half again as much damage against particularly
   susceptible opponents.
   It affects your intelligence (+3).
   It makes you vulnerable to fire.
   It insulates you from electricity.
   It lets you turn invisible.
 b - a +3 flail of draining
   (You found it on level 2 of the Dungeon)
 l - a +0 shortbow
   (You took it off a centaur on level 5 of the Dungeon)
 J - a +2 hand axe of venom
   (You took it off an orc on level 12 of the Dungeon)
Missiles
 d - 57 poisoned darts
 e - 4 curare-tipped darts
 u - 217 arrows (quivered ammo)
 A - 7 throwing nets {!f}
Armour
 c - a +0 cloak (melded)
 o - a +0 chain mail (melded)
   (You found it on level 2 of the Dungeon)
 q - a +0 pair of gloves
   (You found it on level 2 of the Dungeon)
 y - a +1 helmet (melded)
   (You found it on level 4 of the Dungeon)
 G - the +0 pair of gloves of Classification (melded) {rElec Str+2}
   (Okawaru gifted it to you on level 1 of the Lair of Beasts)

   It affects your strength (+2).
   It insulates you from electricity.
Jewellery
 i - a ring of magical power
   (You found it on level 10 of the Dungeon)
 k - a ring of flight
   (You found it on level 4 of the Dungeon)
 p - a +4 ring of evasion (left branch)
   (You found it on level 2 of the Dungeon)
 r - a +4 ring of evasion (right branch)
   (You found it on level 1 of the Dungeon)
 z - an amulet of faith
   (You found it on level 9 of the Dungeon)
 I - a ring of wizardry
   (You found it on level 10 of the Dungeon)
Wands
 n - a wand of digging (7) {@v3}
   (You found it on level 8 of the Dungeon)
 v - a wand of mindburst (13)
   (You found it on level 1 of the Lair of Beasts)
 D - a wand of iceblast (9) {@v2}
   (You found it on level 9 of the Dungeon)
Scrolls
 f - 5 scrolls of identify {@r1}
 h - 3 scrolls of teleportation {@r3 !r}
 j - 2 scrolls of enchant weapon
 m - 2 scrolls of fear {!r}
 s - a scroll of blinking {@r4}
 x - a scroll of fog {!r}
Potions
 g - a potion of curing {@q1 !q}
 t - 2 potions of invisibility {!q}
 w - a potion of haste {@q4 !q}
 B - 4 potions of flight
 C - 4 potions of mutation
 E - a potion of brilliance
 F - a potion of resistance
Miscellaneous
 H - a lightning rod (4/4)
   (You found it on level 9 of the Dungeon)


   Skills:
 - Level 5.3 Fighting
 - Level 2.2 Short Blades
 - Level 8.0 Maces & Flails
 - Level 14.0 Bows
 - Level 2.0 Throwing
 - Level 3.2 Armour
 - Level 3.3 Dodging
 - Level 3.6 Stealth
 + Level 7.8 Invocations


You had 11 spell levels left.
You didn't know any spells.
Your spell library contained the following spells:

 Spells                   Type           Power      Damage    Failure   Level
 Corona                   Hex            0%         N/A       26%         1
 Ensorcelled Hibernation  Hex/Ice        0%         N/A       36%         2
 Slow                     Hex            0%         N/A       36%         2
 Confusing Touch          Hex            0%         N/A       58%         3
 Dazzling Flash           Conj/Hex       0%         N/A       58%         3
 Inner Flame              Hex/Fire       0%         N/A       58%         3
 Portal Projectile        Hex/Tloc       0%         N/A       58%         3
 Tukima's Dance           Hex            0%         N/A       58%         3
 Cause Fear               Hex            0%         N/A       94%         4
 Leda's Liquefaction      Hex/Erth       0%         N/A       94%         4


Dungeon Overview and Level Annotations

Branches:
Dungeon (13/15)            Temple (1/1) D:6            Lair (3/6) D:8
  Swamp (0/4) Lair:2          Orc (0/2) D:11        Ossuary (visited)
  Snake: Lair:2-4    Spider: Lair:2-4    Vaults: D:13-14

Altars:
Ashenzari
Cheibriados
Dithmenos
Elyvilon
Fedhas
Gozag
Hepliaklqana
Kikubaaqudgha
Makhleb
Nemelex Xobeh
Okawaru
Qazlal
Ru
Sif Muna
Trog
Uskayaw
Vehumet
Wu Jian
Xom
Yredelemnul
Zin
The Shining One

Shops:
D:9 (

Annotations:
D:7 1 runed translucent door, Drazool's ghost, novice TrFi


Innate Abilities, Weirdness & Mutations

You can be seen from farther away. (+LOS)
((You are amphibious.))
((You cover ground slowly.))
((You can hop short distances.))


Message History

The killer bee stings you.
* * * LOW HITPOINT WARNING * * *
Okay, then.
Okay, then.
Fire: 226 arrows
Press: ? - help, Q - select action, (/) - cycle Shift-Dir - straight line, f - killer bee
Aim: a killer bee (57% to hit)
You shoot an arrow. The arrow misses the killer bee.
The killer bee stings you.
* * * LOW HITPOINT WARNING * * *
The killer bee stings you but does no damage. x3
Fire: 225 arrows
Press: ? - help, Q - select action, (/) - cycle Shift-Dir - straight line, f/p - killer bee
Aim: a killer bee (57% to hit)
You shoot an arrow. The arrow hits the killer bee!!
The arrow burns the killer bee.
You kill the killer bee!
You feel sick.
The killer bee stings you but does no damage.
The killer bee barely misses you.
The queen bee calls on the killer bee to defend it!
The killer bee goes berserk!
Fire: 224 arrows
Press: ? - help, Q - select action, (/) - cycle Shift-Dir - straight line, f - killer bee
Aim: a killer bee (berserk, 57% to hit)
You shoot an arrow. The arrow hits the killer bee!
The arrow burns the killer bee.
The killer bee is severely wounded.
The killer bee stings you but does no damage. x3
Fire: 223 arrows
Press: ? - help, Q - select action, (/) - cycle Shift-Dir - straight line, f/p - killer bee
Aim: a killer bee (severely wounded, berserk, 57% to hit)
You shoot an arrow. The arrow hits the killer bee!
The arrow burns the killer bee.
You kill the killer bee!
The queen bee stings you!
* * * LOW HITPOINT WARNING * * *
Fire: 222 arrows
Press: ? - help, Q - select action, (/) - cycle Shift-Dir - straight line, f - queen bee
Aim: a queen bee (75% to hit)
You shoot an arrow. The arrow barely misses the queen bee.
You feel sick.
The killer bee stings you but does no damage.
The queen bee calls on the killer bee to defend it!
The killer bee goes berserk!
Fire: 221 arrows
Press: ? - help, Q - select action, (/) - cycle Shift-Dir - straight line, f/p - queen bee
Aim: a queen bee (75% to hit)
You shoot an arrow. The arrow closely misses the queen bee.
Your transformation is almost over.
The killer bee stings you but does no damage. x3
The queen bee stings you but does no damage.
Fire: 220 arrows
Press: ? - help, Q - select action, (/) - cycle Shift-Dir - straight line, f/p - queen bee
Aim: a queen bee (75% to hit)
You shoot an arrow. The arrow closely misses the queen bee.
The killer bee buzzes angrily.
You feel sick.
The killer bee stings you but does no damage. x2
A killer bee comes into view.
The killer bee stings you but does no damage.
The queen bee stings you but does no damage.
Fire: 219 arrows
Press: ? - help, Q - select action, (/) - cycle Shift-Dir - straight line, f/p - queen bee
Aim: a queen bee (75% to hit)
You shoot an arrow.
The arrow hits the queen bee but does no damage.
The killer bee seems to regain its courage.
The killer bee barely misses you. The killer bee stings you.
* * * LOW HITPOINT WARNING * * *
The killer bee stings you but does no damage.
The queen bee stings you!
* * * LOW HITPOINT WARNING * * *
Really quaff
g - 2 potions of curing {@q1 !q}?
You feel better. The killer bee barely misses you. The killer bee stings you.
* * * LOW HITPOINT WARNING * * *
The killer bee barely misses you.
The killer bee stings you but does no damage. x2
The queen bee calls on the killer bee to defend it!
The killer bee goes berserk!
The killer bee stings you but does no damage.
Fire: 218 arrows
Press: ? - help, Q - select action, (/) - cycle Shift-Dir - straight line, f - killer bee, p - queen bee
Aim: a killer bee (berserk, 57% to hit)
You shoot an arrow. The arrow hits the killer bee!
The arrow burns the killer bee.
The killer bee is heavily wounded.
You hear an angry buzzing noise.
The killer bee stings you.
* * * LOW HITPOINT WARNING * * *
The killer bee stings you but does no damage.
The killer bee stings you.
* * * LOW HITPOINT WARNING * * *
The killer bee stings you.
* * * LOW HITPOINT WARNING * * *
A killer bee comes into view.
The killer bee stings you but does no damage. x3
The queen bee stings you but does no damage.
The killer bee stings you.
You die...

# #............... #.
###.#.....#....> #(.
###....##..... .y†
#............ #(###
##.........## #....
#..)......## .####.(.
#####........##
.......y###P###...##...#
.P....yy♣$[..##...#....#
.#.....yy(...##..###....
.y............†..........
.#..........(###(.....?.#
#........((.# #.......##
#......#....# #(.##...#
#............ #(## ....#
.................# #...
...............### ...


You could see a queen bee and 6 killer bees.

Vanquished Creatures
  A hydra (Lair:2)
  Erica (D:10)
  3 two-headed ogres
  An unseen horror (D:10)
  An ugly thing (D:10)
  A cyclops (D:12)
  A cane toad (Lair:2)
  2 trolls
  3 hornets
  Prince Ribbit (D:5)
  A wraith (D:8)
  8 yaks
  A basilisk (Lair:1)
  3 water moccasins
  3 black bears
  6 ice beasts
  6 sky beasts
  A necrophage (D:10)
  An orc warrior (D:12)
  2 ogres
  A wolf (D:7)
  6 centaurs
  2 kobold brigands
  7 bullfrogs
  2 gnoll sergeants (D:9)
  3 scorpions
  26 killer bees
  A wight (D:9)
  4 howler monkeys
  An electric eel (D:8)
  A lava snake (D:7)
  2 centaur zombies
  2 bullfrog zombies
  12 hounds
  A bullfrog skeleton (D:4)
  2 gnoll shamans (D:9)
  4 orc priests
  A human zombie (Ossuary)
  2 iguanas
  3 jellies
  8 orc wizards
  9 worker ants
  2 hound zombies
  2 hound skeletons
  5 mummies (Ossuary)
  18 gnolls
  A worker ant zombie (D:8)
  9 adders
  3 shadow imps
  3 white imps
  2 adder zombies (D:9)
  3 adder skeletons
  3 worms
  5 dart slugs
  3 leopard geckos
  36 orcs
  3 bats (D:1)
  5 giant cockroaches
  6 goblins
  2 hobgoblins
  5 jackals (D:9)
  15 kobolds
  4 quokkas
  5 frilled lizards
  2 goblin zombies (Ossuary)
  3 hobgoblin zombies (Ossuary)
  A jackal skeleton (D:6)
  A kobold zombie (Ossuary)
  An orc zombie (Ossuary)
  A quokka zombie (D:6)
  6 rats
302 creatures vanquished.

Vanquished Creatures (others)
  A gnoll (D:9)
  A ball python (D:8)
  2 kobolds (D:8)
  4 plants (Lair:2)
8 creatures vanquished.

Grand Total: 310 creatures vanquished

Notes
Turn   | Place    | Note
-------+----------+-------------------------------------------
     0 | D:1      | rednaxela the Barachi Brigand began the quest for the Orb.
     0 | D:1      | Reached XP level 1. HP: 17/17 MP: 1/1
   219 | D:1      | Reached XP level 2. HP: 14/23 MP: 2/2
   357 | D:1      | Reached skill level 3 in Fighting
   821 | D:2      | Reached XP level 3. HP: 21/30 MP: 3/3
  1011 | D:2      | Reached skill level 4 in Fighting
  1181 | D:2      | Reached skill level 1 in Maces & Flails
  1738 | D:3      | Found a shimmering altar of Xom.
  1749 | D:3      | Reached skill level 2 in Maces & Flails
  1749 | D:3      | Reached XP level 4. HP: 37/37 MP: 4/4
  1835 | D:3      | Reached skill level 3 in Maces & Flails
  2234 | D:4      | Reached XP level 5. HP: 27/42 MP: 5/5
  2250 | D:5      | Entered Level 5 of the Dungeon
  2296 | D:4      | Reached skill level 4 in Maces & Flails
  2314 | D:4      | Found a sand-covered staircase.
  2360 | Ossuary  | Entered an ossuary
  2707 | Ossuary  | Reached skill level 5 in Maces & Flails
  2745 | Ossuary  | Reached XP level 6. HP: 40/48 MP: 6/6
  3433 | D:4      | Reached skill level 6 in Maces & Flails
  3558 | D:4      | Reached XP level 7. HP: 54/54 MP: 7/7
  3745 | D:5      | Reached skill level 7 in Maces & Flails
  3956 | D:5      | Found a blossoming altar of Fedhas.
  3960 | D:5      | Noticed Prince Ribbit
  3990 | D:5      | Killed Prince Ribbit
  3991 | D:5      | Reached skill level 8 in Maces & Flails
  3991 | D:5      | Reached skill level 1 in Armour
  4110 | D:5      | Reached skill level 2 in Armour
  4110 | D:5      | Reached skill level 2 in Dodging
  4168 | D:5      | Reached XP level 8. HP: 61/61 MP: 8/8
  4362 | D:5      | Reached skill level 1 in Bows
  4434 | D:5      | Reached skill level 5 in Fighting
  4434 | D:5      | Reached skill level 3 in Dodging
  4995 | D:5      | Reached skill level 3 in Armour
  5040 | D:6      | Found a staircase to the Ecumenical Temple.
  5073 | Temple   | Entered the Ecumenical Temple
  5224 | Temple   | Became a worshipper of Warmaster Okawaru
  5301 | D:6      | Reached skill level 2 in Bows
  5406 | D:6      | Reached skill level 3 in Bows
  5540 | D:6      | Reached skill level 4 in Bows
  5620 | D:6      | Reached * piety under Okawaru
  5621 | D:6      | Reached skill level 5 in Bows
  5759 | D:6      | Reached XP level 9. HP: 55/68 MP: 9/9
  6065 | D:6      | Reached skill level 6 in Bows
  6300 | D:6      | Found an opulent altar of Gozag.
  6714 | D:7      | Reached skill level 7 in Bows
  7334 | D:7      | Reached skill level 8 in Bows
  7559 | D:7      | Identified the +2 robe "Jauz" {rPois rF- Int+8 Dex-4}
  7631 | D:7      | Found a runed translucent door.
  7632 | D:7      | Noticed Drazool's ghost (novice TrFi)
  7903 | D:8      | Noticed a troll
  7969 | D:7      | Reached ** piety under Okawaru
  8014 | D:7      | Killed a troll
  8015 | D:7      | Reached skill level 9 in Bows
  8276 | D:7      | Reached XP level 10. HP: 74/74 MP: 10/10
  8875 | D:8      | Reached skill level 10 in Bows
  8881 | D:8      | Noticed a two-headed ogre
  8913 | D:7      | Killed a two-headed ogre
  8913 | D:7      | Reached *** piety under Okawaru
  8913 | D:7      | Received a gift from Okawaru
  8943 | D:8      | Reached skill level 11 in Bows
  9185 | D:9      | Found Myaleweo's Weapon Shop.
  9616 | D:9      | Found a flagged portal.
  9682 | D:10     | Entered Level 10 of the Dungeon
  9800 | D:9      | Noticed a two-headed ogre
  9808 | D:9      | Killed a two-headed ogre
  9808 | D:9      | Reached **** piety under Okawaru
  9809 | D:9      | Reached skill level 12 in Bows
 10261 | D:9      | Noticed a manticore
 10261 | D:9      | Noticed a cyclops
 10891 | D:9      | Received a gift from Okawaru
 11795 | D:10     | Noticed Erica
 11889 | D:11     | Received a gift from Okawaru
 11890 | D:11     | Reached XP level 11. HP: 69/80 MP: 11/11
 11956 | D:10     | Noticed a two-headed ogre
 11974 | D:11     | Reached skill level 13 in Bows
 12597 | D:12     | Reached ***** piety under Okawaru
 12937 | D:11     | Noticed a cyclops
 13291 | D:12     | Killed a cyclops
 13529 | D:11     | Found a staircase to the Orcish Mines.
 14051 | D:10     | Killed a two-headed ogre
 14052 | D:10     | Reached skill level 14 in Bows
 14052 | D:10     | Reached skill level 2 in Invocations
 14312 | D:10     | Killed Erica
 14313 | D:10     | Reached skill level 3 in Invocations
 14689 | D:10     | Identified the +6 great sword of Destiny {protect, rPois
                  | Stlth+}
 14802 | D:10     | Killed an unseen horror
 14802 | D:10     | Identified the +12 longbow of Ugeus {flame, +Inv rElec rF-
                  | Int+3} (Okawaru gifted it to you on level 10 of the
                  | Dungeon)
 14802 | D:10     | Received a gift from Okawaru
 14803 | D:10     | Reached skill level 4 in Invocations
 15168 | D:10     | Noticed a cyan ugly thing
 15173 | D:10     | Killed a cyan ugly thing
 15395 | D:8      | Found a staircase to the Lair.
 15723 | D:8      | Reached skill level 5 in Invocations
 16003 | Lair:1   | Entered Level 1 of the Lair of Beasts
 16006 | Lair:1   | You fall into a shaft and drop 1 floor!
 16089 | Lair:2   | Noticed a six-headed hydra
 16093 | Lair:2   | Killed a six-headed hydra
 16094 | Lair:2   | Reached skill level 6 in Invocations
 16168 | Lair:1   | Identified the +0 pair of gloves of Classification {rElec
                  | Str+2} (Okawaru gifted it to you on level 1 of the Lair of
                  | Beasts)
 16168 | Lair:1   | Received a gift from Okawaru
 16250 | Lair:1   | Reached XP level 12. HP: 86/86 MP: 17/17
 16261 | Lair:1   | Reached skill level 7 in Invocations
 16321 | Lair:1   | Found the +0 pair of fencer's gloves {Riposte Dex+3}
 16367 | Lair:1   | HP: 5/129 [killer bee (5)]
 16367 | Lair:1   | HP: 2/129 [killer bee (3)]
 16367 | Lair:1   | Slain by a killer bee

Illustrated notes

Levels and vault maps discovered:
D:1:      lightli_arrival_quake, layout_loops_ring, corexii_leaking_fountain
D:2:      layout_basic
D:3:      layout_rooms, overflow_temple_1_default, chequers_jeans
D:4:      layout_loops_ring, nicolae_ossuary_entry_plus,
          minmay_tree_intersection
D:5:      layout_loops_corners, fedhas_altar_2, uniq_prince_ribbit1
D:6:      layout_layer_cave, kennysheep_little_box,
          minmay_temple_entry_butterflies
D:7:      layout_loops_ring, ebering_ghost_inner_flame, kennysheep_potato
D:8:      layout_rooms, erik_lair_island
D:9:      layout_cave_pools, enter_bailey_5, serial_gnoll_camp,
          gnoll_camp_medium_01, gnoll_camp_mini_basic, gnoll_camp_mini_hut,
          gnoll_camp_mini_doghouse, gnoll_camp_mini_shop,
          minmay_misc_feat_doors, minmay_diamond_spiral
D:10:     layout_layer_cave, uniq_erica
D:11:     layout_cross, hiddenorc1_lemuel
D:12:     layout_basic, portal_ice_cave_rime
D:13:     layout_stronghold, hangedman_aviary
Temple:   regret_index_temple_chain_breaker
Lair:1:   layout_gridlike, special_room [special_room_bee]
Lair:2:   layout_chaotic_city, nicolae_swamp_entry_splash_gauntlet,
          wad_woods_river_01
Lair:3:   layout_roguey, lemuel_oklob_altar, infiniplex_staircase_pool,
          serial_bayou_shore_b, grunt_megastairs_3, serial_bayou_shore_b

Skill      XL: |  1  2  3  4  5  6  7  8  9 10 11 12 |
---------------+-------------------------------------+-----
Fighting       | 3 4 5 |  5.3
Maces & Flails | 2 3 5 6 8 |  8.0
Armour         | 2 3 |  3.2
Dodging        | 2 3 |  3.3
Bows           | 5 9 12 14 | 14.0
Invocations    | 6 7 |  7.8
Short Blades   | |  2.2
Throwing       | |  2.0
Stealth        | |  3.6

Action                   |  1- 3 |  4- 6 |  7- 9 | 10-12 || total
-------------------------+-------+-------+-------+-------++-------
Melee: Dagger            |    44 |       |       |       ||    44
       Flail             |    44 |   153 |   325 |   506 ||  1028
 Fire: Longbow           |       |       |       |   103 ||   103
Throw: Dart              |       |       |     1 |    24 ||    25
       Throwing net      |       |       |       |     5 ||     5
 Abil: Hop               |       |       |     3 |     2 ||     5
Evoke: Wand              |       |       |       |     7 ||     7
  Use: Scroll            |       |    13 |     3 |     8 ||    24
       Potion            |       |     7 |     3 |     7 ||    17
 Stab: Sleeping          |    10 |     1 |       |       ||    11
       Held in net/web   |       |       |       |     2 ||     2
Armor: Leather armour    |    28 |     5 |       |       ||    33
       Chain mail        |       |    34 |   136 |   244 ||   414
       Skin              |       |       |    41 |   172 ||   213
Dodge: Dodged            |    63 |   110 |   257 |   457 ||   887

Table legend: (Time is in decaauts)
 A = Elapsed time spent in this place.
 B = Non-inter-level travel time spent in this place.
 C = Inter-level travel time spent in this place.
 D = Time resting spent in this place.
 E = Time spent auto-exploring this place.
 F = Levels seen in this place.
 G = Mean time per level.
                   A        B        C        D        E       F      G
               +--------+--------+--------+--------+--------+-----+--------+
         Total |  18235 |  17427 |    808 |   3463 |   9692 |  18 | 1013.1 |
       Dungeon |  16908 |  16167 |    741 |   3098 |   9300 |  13 | 1300.6 |
        Temple |    200 |    160 |     40 |      0 |    157 |   1 |  200.0 |
          Lair |    401 |    375 |     26 |      0 |    154 |   3 |  133.7 |
       Ossuary |    724 |    724 |      0 |    364 |     80 |   1 |  724.0 |
               +--------+--------+--------+--------+--------+-----+--------+

Top non-repeatable levels by time:
     D:7: 2539 daAuts
    D:10: 2352 daAuts
     D:6: 1678 daAuts
     D:9: 1583 daAuts
     D:8: 1555 daAuts
     D:5: 1405 daAuts
    D:12: 1050 daAuts
     D:1: 1033 daAuts
    D:11: 951 daAuts
     D:4: 930 daAuts
     D:2: 930 daAuts
 Ossuary: 724 daAuts
     D:3: 607 daAuts
    D:13: 290 daAuts
  Lair:1: 286 daAuts
